nht, chaotic female elven Wizard --- ..<| -..| |..-- -...| -h. --.-- |.@. |.... |... -... |.fG ...---.- .......| G ------ nht the Evoker Experience level: 1 Strength: 10 Dexterity: 15 Constitution: 16 Intelligence: 17 Wisdom: 10 Charisma: 7 Health: 0(11) Energy: 4(7) Def: 1 Gold: 129 Moves: 457 Dungeon seed: 9XwYo9pT_UtlgXzg Game ID: nht_1430201593 Your Inventory: Coins $ - 129 gold pieces Amulets w - an uncursed amulet of reflection (being worn) Weapons a - a blessed +1 quarterstaff (weapon in hands) Armor e - an uncursed +0 cloak of magic resistance (being worn) Comestibles u - an uncursed lichen corpse z - an uncursed sprig of wolfsbane B - an uncursed food ration Scrolls h - an uncursed scroll of scare monster i - an uncursed scroll of magic mapping Potions p - a blessed potion of sleeping r - an uncursed potion of blindness t - an uncursed potion of object detection v - an uncursed potion of healing Rings c - an uncursed ring of polymorph control d - an uncursed ring of teleportation x - a cursed ring of polymorph Wands b - a blessed wand of secret door detection (0:13) G - a wand of teleportation (0:6) Tools n - a magic marker (0:34) o - an uncursed wooden flute Gems q - an uncursed worthless piece of yellow glass Spells known in the end: Name Level Category Fail Memory a - force bolt 1 attack 0% 98% b - magic missile 2 attack 0% 98% c - haste self 3 escape 99% 98% d - detect monsters 1 divination 0% 99% Your skills at the end: Fighting Skills Weapon Skills quarterstaff [Basic] Spellcasting Skills attack spells [Basic] enchantment spells [Basic] Final Attributes: You were piously aligned. You were magic-protected. You had infravision. You had reflection. You are dead. Vanquished creatures: 2 jackals a goblin a lichen a kobold zombie a newt 6 creatures vanquished. Voluntary challenges: You used a wielded weapon 5 times, starting on turn 28. You read items or engraved 9 times, starting on turn 116. You never genocided any monsters. You never polymorphed an object. You never changed form. You used no wishes. You never split a pudding. You wrote Elbereth's name 2 times, starting on turn 409. You never violated your personal moral code. Dungeon overview: The Dungeons of Doom: levels 1 to 2 Level 1 a fountain a long staircase Level 2 a general store, an altar to Thoth stairs to The Gnomish Mines The Gnomish Mines: Level 3 <- You were here stairs to The Dungeons of Doom History has recorded: On T:1 you entered the Dungeons of Doom to retrieve the Amulet of Yendor! On T:284 you reached level 2 of The Dungeons of Doom. On T:347 you reached level 1 of The Gnomish Mines. Score breakdown: Gold: 129 ( 7190 points) Experience: 1 level ( 0 points) Exploration: 3 levels ( 6.00%) ( 6060 points) Discoveries: 2 items ( 0.72%) ( 2549 points) Valuables value: (no points given unless you survive) Artifact value: 0 ( 0 points) Variety of kills: 5 monsters ( 1.32%) ( 3445 points) Time penalty: 457 turns ( 0 points) Survival: died (score multiplied by 80%) Total score: 15395 Latest messages: You drop a scroll labeled LEP GEX VEN ZEA (unpaid, 150 zorkmids). You drop a blessed spellbook of force bolt. You sold a blessed spellbook of force bolt for 50 gold pieces. You drop an uncursed spellbook of haste self. You sold an uncursed spellbook of haste self for 150 gold pieces. You drop a blessed plain spellbook. Possogroenoe seems uninterested. You drop a light blue spellbook (unpaid, 900 zorkmids). You drop 2 uncursed potions of water. Possogroenoe seems uninterested. You drop an uncursed potion of gain ability. You sold an uncursed potion of gain ability for 150 gold pieces. You drop a dark green potion (unpaid, 225 zorkmids). You drop an engagement ring (unpaid, 600 zorkmids). You drop a tin whistle (unpaid, 19 zorkmids). You miss the hobbit. The hobbit thrusts her elven dagger. The hobbit hits! You die... Final status: Goodbye nht the Wizard, killed by a hobbit... You died in The Gnomish Mines on dungeon level 3 with 15395 points, and 129 pieces of gold, after 457 moves. You were level 1 with a maximum of 11 hit points when you died.